Map: Vaani Research Station (Void)

Players

HeroMarine - Winner!

  • Race: Terran Terran
  • Spawn Location: 12:00

IIIIIIIIIIII (Has)

  • Race: Protoss Protoss
  • League: Diamond
  • Spawn Location: 6:00

Event: NationWars IV

VOD

Have the link to the VOD?

Description

Time

  • Played on: Jan. 3, 2017, 3:13 p.m.
  • Length: 11:54

All games in this series

Show
View Real Time Build Order
Export as new Build Order

HeroMarine Terran - Winner!

Build Orders: 1/1/1, Liberator Opening 

Get SALT Encoding   

  12  0:00  SCV  
  13  0:13  SCV  
  14  0:18  Supply Depot  
  14  0:25  SCV  
  15  0:29  Refinery  
  15  0:40  SCV  
  16  0:45  Barracks  
  16  0:52  SCV  
  17  1:04  SCV  
  18  1:16  SCV  
  19  1:32  Orbital Command, Marine  
  20  1:36  Factory  
  20  1:40  Supply Depot  
  20  1:50  Marine  
  21  1:58  SCV  
  22  2:07  Marine  
  23  2:10  SCV, Refinery  
  24  2:15  Bunker  
  24  2:22  SCV  
  25  2:23  Widow Mine  
  25  2:25  Starport, Marine  
  28  2:34  SCV  
  29  2:43  Marine  
  30  2:46  SCV  
  30  2:50  Supply Depot  
  31  3:05  SCV, Marine, Medivac, Cyclone  
  38  3:15  Engineering Bay  
  38  3:17  SCV  
  39  3:22  Liberator  
  39  3:23  Barracks Reactor  
  39  3:29  SCV  
  43  3:44  Factory Tech Lab  
  43  3:47  Missile Turret  
  43  3:49  Supply Depot  
  43  3:59  Marine x2  
  45  4:17  Marine x2  
  45  4:34  Command Center, SCV  
  45  4:35  Marine x2  
  45  4:38  Factory Tech Lab  
  48  4:39  Raven  
  50  4:48  SCV  
  51  4:53  Marine x2  
  51  5:00  SCV  
  51  5:11  Marine x2  
  54  5:16  Siege Tank  
  56  5:24  Command Center  
  56  5:27  SCV  
  57  5:28  Marine  
  57  5:32  Raven  
  59  5:38  Marine  
  59  5:39  SCV  
  58  5:46  Marine  
  58  5:47  Orbital Command  
  59  5:51  SCV  
  63  5:57  Siege Tank  
  63  6:03  SCV  
  64  6:09  Missile Turret, Marine  
  65  6:13  SCV  
  65  6:14  Missile Turret  
  65  6:15  SCV  
  65  6:17  Marine  
  67  6:25  SCV  
  68  6:27  Barracks  
  68  6:28  SCV  
  68  6:32  Siege Tank  
  72  6:33  Starport Reactor  
  72  6:39  SCV  
  74  6:40  Orbital Command  
  74  6:42  SCV  
  74  6:43  Marine  
  74  6:44  Marine  
  76  6:48  Terran Infantry Weapons Level 1  
  76  6:51  SCV  
  77  6:54  SCV  
  77  6:57  Barracks  
  78  7:01  Marine x2  
  78  7:02  Refinery  
  78  7:04  SCV  
  78  7:06  SCV  
  82  7:09  SCV  
  82  7:11  Supply Depot  
  82  7:13  Refinery  
  82  7:15  Marine, Stimpack  
  84  7:16  SCV  
  85  7:24  Medivac  
  85  7:25  SCV x2  
  85  7:27  Marine x2  
  89  7:32  SCV  
  89  7:33  Marine  
  89  7:37  SCV x2  
  89  7:44  SCV  
  89  7:45  Marine x2  
  89  7:49  SCV x2  
  89  7:51  Marine  
  95  7:53  Siege Tank  
  95  7:57  SCV  
  99  7:59  Supply Depot  
  99  8:03  Marine x2  
  99  8:05  Orbital Command, Sensor Tower  
  101  8:06  Barracks Reactor  
  101  8:10  Supply Depot  
  101  8:19  Barracks  
  101  8:20  Barracks  
  101  8:21  SCV x2  
  102  8:30  Marauder, Marine x2  
  102  8:31  SCV  
  102  8:33  SCV x2  
  108  8:38  Siege Tank  
  111  8:43  SCV  
  111  8:45  SCV  
  111  8:46  SCV  
  111  8:47  Missile Turret, Marine  
  111  8:48  Marine  
  116  8:49  Terran Infantry Armor Level 1  
  116  8:58  Marauder  
  116  9:02  Supply Depot  
  117  9:03  Supply Depot  
  117  9:06  Supply Depot, Liberator x2  
  117  9:08  Refinery  
  117  9:09  Supply Depot, Refinery  
  117  9:12  Barracks Reactor  
  117  9:14  Barracks Tech Lab  
  117  9:20  Supply Depot  
  117  9:21  Combat Shields  
  117  9:22  Supply Depot  
  117  9:23  SCV x2  
  125  9:25  SCV  
  125  9:26  Marauder  
  125  9:28  Marine  
  125  9:29  Marine x2  
  125  9:35  Marine, SCV  
  125  9:36  SCV  
  127  9:38  Marauder  
  127  9:42  SCV  
  125  9:46  Missile Turret  
  125  9:47  Marauder  
  125  9:48  SCV  
  125  9:51  Missile Turret  
  128  9:54  Missile Turret  
  128  9:57  Armory, SCV x2  
  128  9:59  Engineering Bay  
  130  10:00  SCV  
  130  10:01  Marine x2  
  130  10:02  Marine x2  
  130  10:06  Marine  
  130  10:07  Marine  
  136  10:08  Marauder  
  136  10:14  Medivac x2  
  143  10:16  Marauder  
  144  10:24  SCV  
  144  10:28  Supply Depot  
  144  10:29  Marauder, Marine x4  
  144  10:31  Marine  
  144  10:32  Marine  
  150  10:38  Marauder  
  150  10:39  Ghost Academy  
  152  10:47  Marine x3  
  155  10:50  Marauder  
  155  10:51  Liberator  
  155  10:52  Liberator  
  155  10:53  Marine x2  
  155  10:56  Marine  
  141  10:59  Marauder  
  130  11:05  Marine x3  
  130  11:11  Marine x3  
  139  11:13  Marine  
  143  11:21  Marauder  
  143  11:22  Marine  
  143  11:23  Marine x2  
  137  11:29  Marine x2  
  137  11:30  Marauder  
  137  11:31  Marine  
Show
View Real Time Build Order
Export as new Build Order

IIIIIIIIIIII Protoss 

Build Orders: Blink Stalkers 

Get SALT Encoding   

  12  0:01  Probe (Chrono Boost)  
  13  0:11  Probe (Chrono Boost)  
  14  0:18  Pylon  
  14  0:22  Probe (Chrono Boost)  
  15  0:36  Probe (Chrono Boost)  
  15  0:37  Gateway  
  16  0:47  Probe (Chrono Boost)  
  16  0:48  Assimilator  
  17  0:52  Assimilator  
  17  0:57  Probe (Chrono Boost)  
  18  1:08  Probe (Chrono Boost)  
  19  1:11  Pylon  
  20  1:18  Probe (Chrono Boost)  
  20  1:24  Cybernetics Core  
  20  1:29  Probe (Chrono Boost)  
  21  1:39  Probe (Chrono Boost)  
  22  1:50  Probe (Chrono Boost)  
  22  1:51  Warp Gate  
  23  2:00  Stalker  
  26  2:03  Mothership Core (Chrono Boost)  
  27  2:28  Nexus  
  27  2:32  Probe (Chrono Boost)  
  28  2:38  Pylon  
  29  2:44  Probe (Chrono Boost)  
  29  2:53  Twilight Council  
  30  2:58  Probe (Chrono Boost)  
  30  3:05  Stalker  
  32  3:10  Probe (Chrono Boost)  
  33  3:25  Robotics Facility  
  33  3:26  Probe (Chrono Boost)  
  34  3:29  Blink  
  34  3:38  Probe (Chrono Boost)  
  35  3:46  Probe (Chrono Boost)  
  36  3:52  Gateway  
  37  3:58  Gateway  
  37  4:02  Probe (Chrono Boost)  
  37  4:03  Probe (Chrono Boost)  
  37  4:09  Stalker  
  40  4:17  Observer  
  40  4:22  Probe (Chrono Boost)  
  40  4:33  Pylon, Stalker  
  40  4:34  Probe (Chrono Boost)  
  40  4:38  Probe (Chrono Boost)  
  44  4:46  Probe (Chrono Boost)  
  44  4:48  Probe (Chrono Boost)  
  45  4:58  Probe (Chrono Boost)  
  46  5:02  Stalker x2  
  46  5:06  Warp Prism  
  49  5:15  Stalker  
  49  5:19  Probe (Chrono Boost)  
  49  5:21  Probe (Chrono Boost)  
  53  5:31  Probe (Chrono Boost)  
  54  5:42  Stalker  
  54  5:43  Stalker x2  
  54  5:47  Pylon  
  54  5:48  Probe (Chrono Boost)  
  62  5:50  Probe (Chrono Boost)  
  62  5:59  Dark Shrine  
  62  6:06  Pylon  
  62  6:08  Stalker x2  
  62  6:10  Stalker  
  68  6:17  Probe (Chrono Boost)  
  68  6:18  Probe (Chrono Boost)  
  70  6:22  Pylon  
  70  6:28  Probe (Chrono Boost)  
  70  6:30  Probe (Chrono Boost)  
  70  6:32  Assimilator  
  72  6:34  Assimilator  
  73  6:42  Probe (Chrono Boost)  
  73  6:45  Nexus  
  74  6:47  Probe (Chrono Boost), Pylon  
  74  6:59  Pylon  
  76  7:12  Gateway  
  76  7:13  Dark Templar, Gateway  
  76  7:14  Dark Templar  
  78  7:17  Gateway  
  78  7:20  Probe (Chrono Boost)  
  78  7:21  Probe (Chrono Boost)  
  80  7:30  Probe (Chrono Boost)  
  80  7:33  Charge, Probe (Chrono Boost)  
  79  7:41  Probe (Chrono Boost)  
  81  7:44  Forge  
  81  7:45  Probe (Chrono Boost)  
  81  7:49  Warp Prism  
  77  7:52  Probe (Chrono Boost)  
  77  7:57  Probe (Chrono Boost)  
  81  8:00  Probe (Chrono Boost)  
  81  8:05  Sentry x2  
  86  8:06  Zealot  
  86  8:08  Protoss Ground Weapons Level 1  
  86  8:09  Probe (Chrono Boost)  
  86  8:10  Probe (Chrono Boost)  
  86  8:11  Probe (Chrono Boost)  
  91  8:19  Gateway  
  92  8:20  Gateway  
  92  8:21  Probe (Chrono Boost)  
  92  8:23  Gateway  
  92  8:35  Probe (Chrono Boost)  
  92  8:36  Probe x2 (Chrono Boost)  
  92  8:39  Pylon  
  95  8:42  Zealot x4, Assimilator  
  95  8:44  Immortal  
  103  8:52  Templar Archives  
  107  9:03  Photon Cannon  
  107  9:13  Nexus  
  107  9:15  Pylon x2  
  107  9:19  Immortal  
  111  9:25  Dark Templar  
  111  9:26  Dark Templar  
  99  9:51  Probe x3 (Chrono Boost), Assimilator  
  102  9:54  Zealot x4, Pylon  
  102  9:55  Zealot x2  
  102  9:56  Warp Prism  
  102  9:58  High Templar x2  
  102  9:59  Zealot  
  122  10:09  Gateway  
  122  10:10  Gateway  
  122  10:11  Pylon  
  122  10:12  Photon Cannon  
  122  10:14  Pylon  
  122  10:19  Probe x2 (Chrono Boost)  
  124  10:28  High Templar x4  
  130  10:29  High Templar x2  
  130  10:32  Archon  
  130  10:33  Archon x3  
  130  10:34  Zealot x3  
  142  10:55  Zealot  
  142  10:56  Zealot x2  
  86  11:07  Zealot x6  
  92  11:16  Stalker x2  
  92  11:17  Stalker  
  82  11:28  Zealot  
  82  11:29  Zealot x3  
  82  11:30  Zealot x2  
  76  11:40  Zealot x3  
Tags
 
Add a new tag
Caveats
  • Supply blocks, unpowered buildings, or Contaminate may cause inaccurate times.
  • Supply counts are checked every 10 seconds.